 Dungeon Crawl Stone Soup version 0.18.1-48-g4cf74bf (webtiles) character file.

172483 Derfel the Bludgeoner (level 17, -9/168 HPs)
             Began as a Minotaur Berserker on July 14, 2016.
             Was the Champion of Trog.
             Mangled by a spark wasp (16 damage)
             ... on level 3 of the Spider Nest on July 15, 2016.
             The game lasted 05:17:53 (36594 turns).

Derfel the Bludgeoner (Minotaur Berserker)         Turns: 36594, Time: 05:17:54

Health: -9/168     AC: 35    Str: 28 (29) XL:     17   Next: 41%
Magic:  5/16       EV: 17    Int:  1 (4)  God:    Trog [******]
Gold:   2630       SH:  0    Dex: 16 (17) Spells: 0 memorised, 16 levels left

rFire  + . .     SeeInvis .     a - +7 dire flail (protect)
rCold  + . .     Gourm    .     G - +3 plate armour {rPois}
rNeg   . . .     Faith    .     (shield currently unavailable)
rPois  +         Spirit   .     K - +2 hat
rElec  .         Dismiss  +     q - +0 cloak
rCorr  .         Reflect  .     y - +0 pair of gloves
SustAt .         Harm     .     k - +2 pair of boots {rF+}
MR     +....                    I - amulet of dismissal
Stlth  ..........               m - ring of poison resistance
                                p - +3 ring of strength

@: somewhat resistant to hostile enchantments, extremely unstealthy
A: retaliatory headbutt, horns 2, thin skeletal structure 1, agile 1, cold
resistance 1
a: Berserk, Trog's Hand, Brothers in Arms, Burn Spellbooks, Renounce Religion


You were on level 3 of the Spider Nest.
You worshipped Trog.
Trog was exalted by your worship.
You were not hungry.

You visited 5 branches of the dungeon, and saw 30 of its levels.
You also visited: Volcano.

You collected 2695 gold pieces.
You spent 65 gold pieces at shops.

Inventory:

Hand Weapons
 a - a +7 dire flail of protection (weapon)
 b - a +4 triple crossbow of velocity
 j - a +3 great mace of crushing
 l - a +7 eveningstar of freezing
 R - a +0 blowgun
Missiles
 z - 40 tomahawks (quivered)
 B - 176 bolts
Armour
 k - a +2 pair of boots of fire resistance (worn)
 q - a +0 cloak (worn)
 y - a +0 pair of gloves (worn)
 G - a +3 plate armour of poison resistance (worn)
 K - a +2 hat (worn)
 M - a +0 plate armour
Jewellery
 m - a ring of poison resistance (right hand)
 p - a +3 ring of strength (left hand)
 E - an uncursed ring of flight
 I - an amulet of dismissal (around neck)
Wands
 d - a wand of acid (5/15)
 e - a wand of flame (12/48)
 o - a wand of teleportation (5/9)
 r - a wand of iceblast (2/15)
 w - a wand of lightning (7/15)
 x - a wand of confusion (17/48)
 D - a wand of acid (10/15)
 J - a wand of paralysis (16/24)
 Q - a wand of heal wounds (0/9)
 X - a wand of slowing (21/48)
 Y - a wand of disintegration (6/24)
Scrolls
 g - a scroll of amnesia
 h - 2 scrolls of blinking
 n - 9 scrolls of remove curse
 s - 2 scrolls of brand weapon
 t - a scroll of enchant armour
 u - 2 scrolls of magic mapping
 v - a scroll of teleportation
 H - 5 scrolls of identify
 P - a scroll of enchant weapon
 V - 2 scrolls of recharging
 W - a scroll of torment
Potions
 c - a potion of mutation
 i - a potion of haste
 A - 2 potions of might
 L - a potion of resistance
 N - a potion of brilliance
 S - a potion of invisibility
 U - 2 potions of agility
Comestibles
 f - 14 meat rations
 C - 3 fruits
 F - 3 beef jerkies


   Skills:
 - Level 19.0 Fighting
 + Level 20.0 Maces & Flails
 - Level 17.4 Armour
 * Level 15.3 Dodging
   Level 0.2 Shields


You had 16 spell levels left.
You didn't know any spells.

Dungeon Overview and Level Annotations

Branches:
Dungeon (15/15)            Temple (1/1) D:6            Lair (8/8) D:8
  Swamp (0/4) Lair:4       Spider (4/4) Lair:4        Slime (0/6) Lair:8
    Orc (2/2) D:12            Elf (0/3) Orc:2        Vaults (0/5) D:13
 Depths (0/5) D:15

Altars:
Ashenzari
Dithmenos
Elyvilon
Fedhas
Gozag
Kikubaaqudgha
Nemelex Xobeh
Okawaru
Pakellas
Qazlal
Trog
Vehumet
Xom
Yredelemnul
Zin
The Shining One
Beogh
Lugonu

Shops:
D:7 *}*=?   D:8 !   Orc:2 ([=?

Annotations:
D:8 Stash
Lair:8 1 runed door


Innate Abilities, Weirdness & Mutations

You reflexively headbutt those who attack you in melee.
You have a pair of horns on your head.
You have a somewhat thin skeletal structure (Dex +2, Stealth).
You are agile. (Dex +2)
Your flesh is cold resistant.


Message History

* * * LOW HITPOINT WARNING * * *
The spark wasp shocks you!
* * * LOW HITPOINT WARNING * * *
Drink which item? (? for menu, Esc to quit)
You feel better.
The spark wasp stings you but does no damage. x2
Evoke which item? (* to show all) (? for menu, Esc to quit)
Zapping:
e - a wand of flame (13/48)
Press: ? - help, Shift-Dir - straight line, f/p - spark wasp
Aim: a spark wasp (moderately wounded)
The puff of flame hits the spark wasp.
The spark wasp is heavily wounded.
This wand has 12 charges left.
The spark wasp stings you but does no damage.
You hit the spark wasp.
The spark wasp is heavily wounded.
The spark wasp stings you!
* * * LOW HITPOINT WARNING * * *
The spark wasp shocks you!
You die...

...##...................###...###
...##....................###### #
..###.............#.......##### #
..##..............##.....#.#.^###
...#.....^.....###......###...##.
..###..........#........# #....#.
#.####.........#........###......
#..#####........#......###.......
#...## #.###.##.@y.....# #.......
.##..###.# ####........# #.......
.###..#..# ##.........###.....##
.##.#...#####...#......#..#..####
.......#.......###......###.##
......###............#.......# #
.....####.....#......##......# #
.....# #.............##......####
.....###..............#..........


You could see a spark wasp.

Vanquished Creatures
  Rupert (Lair:8)
  Gastronok (Lair:3)
  Agnes (D:15)
  A tengu reaver (D:14)
  A fire giant (D:15)
  A storm dragon (D:15)
  An orc warlord (Orc:1)
  Nessos (D:14)
  Azrael (D:12)
  A stone giant (Orc:2)
  The ghost of WhyteDragon the Nimble, a journeyman DsFi of Okawaru (Lair:5)
  A fire dragon (Lair:8)
  2 yaktaur captains (D:15)
  2 ogre magi (D:15)
  An ettin (D:15)
  Erolcha (D:10)
  Josephine (D:11)
  4 entropy weavers
  Fannar (Lair:3)
  11 hydras
  Harold (Lair:2)
  2 centaur warriors
  2 deep troll earth magi (D:15)
  11 death yaks
  2 orc high priests
  A hell knight (D:15)
  A shadow wraith (D:13)
  3 unseen horrors
  4 wizards
  2 lindwurms
  An obsidian statue (D:14)
  5 hill giants
  2 orc knights (Orc:1)
  A harpy (shapeshifter) (D:15)
  A wolf spider zombie (D:15)
  A griffon (D:15)
  9 orb spiders
  A deep elf mage (Volcano)
  25 wolf spiders
  21 ugly things
  3 cyclopes
  2 moths of wrath
  8 orc sorcerers
  5 centaur zombies
  5 black mambas
  5 elephants (Lair:8)
  9 torpor snails
  Psyche (D:12)
  10 spiny frogs
  10 komodo dragons
  2 efreet (D:14)
  A rime drake (Lair:5)
  11 demonic crawlers
  2 freezing wraiths (D:15)
  A harpy zombie (D:15)
  A polar bear (Lair:7)
  A queen bee (Lair:1)
  6 giant leeches
  3 trolls
  32 jumping spiders
  6 two-headed ogres
  18 blink frogs
  A hornet zombie (D:15)
  7 slime creatures (D:15)
  2 boulder beetles
  90 redbacks
  2 fire elementals (D:12)
  32 tarantellas
  6 wraiths
  A fire bat (Volcano)
  2 shadows
  2 hogs (Volcano)
  4 wyverns
  10 hippogriffs
  A golden eye (shapeshifter) (D:15)
  A water elemental (D:14)
  66 yaks
  5 basilisks
  A steam dragon (Lair:8)
  Grum (D:9)
  8 vampire mosquitoes
  5 hungry ghosts
  3 mottled dragons (Lair:8)
  A swamp worm (Lair:4)
  A soldier ant (D:13)
  13 water moccasins
  13 porcupines
  A hell hound (shapeshifter) (D:13)
  2 hell hounds (D:12)
  8 sky beasts
  2 swamp drakes (Lair:8)
  7 ice beasts
  30 orc warriors
  2 eyes of draining
  4 phantoms
  5 wasps
  The ghost of Derfel the Cudgeler, an amateur MiBe of Trog (D:3)
  2 necrophages
  19 ogres
  12 wolves
  13 centaurs
  21 crocodiles
  17 giant frogs
  2 big kobolds
  2 wyvern zombies
  2 gnoll sergeants
  6 scorpions
  38 killer bees
  3 troll zombies (D:12)
  3 wights (D:12)
  3 electric eels
  3 howler monkeys (D:14)
  7 crimson imps
  7 jellies
  A giant frog zombie (D:8)
  6 hounds
  A quasit (D:9)
  2 giant frog skeletons
  8 centaur skeletons
  23 orc priests
  35 orc wizards
  10 iguanas
  A gnoll shaman (D:8)
  7 worker ants
  Natasha (thrice) (D:4)
  5 hell rats (Lair:7)
  7 sheep
  A killer bee zombie (D:11)
  3 ogre zombies (D:12)
  A hound zombie (D:5)
  A hound skeleton (D:7)
  15 gnolls
  89 river rats
  9 adders
  3 shadow imps
  An adder zombie (D:6)
  22 worms
  2 dart slugs
  6 giant geckos
  71 orcs
  6 giant cockroaches
  6 goblins
  6 hobgoblins
  7 jackals (D:8)
  17 kobolds
  6 quokkas
  A ball python (D:2)
  6 bats
  A giant gecko zombie (D:8)
  7 giant newts
  2 goblin zombies (D:12)
  3 hobgoblin zombies (D:12)
  2 orc skeletons (D:12)
  12 orc zombies (D:12)
  A quokka zombie (D:8)
  3 rats
  A fungus (Lair:1)
1193 creatures vanquished.

Vanquished Creatures (collateral kills)
  A sphinx (D:15)
  A rime drake (shapeshifter) (D:15)
  2 orc warriors (Orc:2)
  3 centaurs (D:15)
  An orc priest (Orc:2)
  2 orc wizards (Orc:2)
10 creatures vanquished.

Vanquished Creatures (others)
  A war gargoyle (D:15)
  An orc sorcerer (Orc:2)
  A killer bee (D:12)
  17 fungi
  16 plants
36 creatures vanquished.

Grand Total: 1239 creatures vanquished

Notes
Turn   | Place    | Note
--------------------------------------------------------------
     0 | D:1      | Derfel the Minotaur Berserker began the quest for the Orb.
     0 | D:1      | Reached XP level 1. HP: 19/19 MP: 0/0
   226 | D:1      | Reached skill level 4 in Maces & Flails
   228 | D:1      | Reached XP level 2. HP: 20/27 MP: 1/1
   644 | D:1      | You fall through a shaft!
   658 | D:2      | Reached ** piety under Trog
   721 | D:2      | Reached XP level 3. HP: 32/33 MP: 2/2
   751 | D:2      | Found a blossoming altar of Fedhas.
  1484 | D:2      | Found a sparkling altar of Nemelex Xobeh.
  1627 | D:3      | Noticed Derfel's ghost (amateur MiBe)
  1638 | D:3      | Killed Derfel's ghost
  1638 | D:3      | Reached XP level 4. HP: 37/41 MP: 3/3
  1678 | D:3      | Found an oddly glowing altar of Pakellas.
  1724 | D:3      | Reached XP level 5. HP: 43/47 MP: 4/4
  2043 | D:4      | Noticed Natasha
  2051 | D:4      | Killed Natasha
  2263 | D:4      | Noticed Natasha
  2268 | D:4      | Killed Natasha
  2273 | D:4      | Reached XP level 6. HP: 53/53 MP: 5/5
  2409 | D:4      | Noticed Natasha
  2422 | D:4      | Killed Natasha
  2422 | D:4      | Reached *** piety under Trog
  2447 | D:4      | Reached skill level 5 in Maces & Flails
  2447 | D:4      | Reached skill level 5 in Dodging
  2705 | D:5      | Entered Level 5 of the Dungeon
  2729 | D:5      | Noticed an ice beast
  2757 | D:5      | Reached skill level 5 in Armour
  2757 | D:5      | Reached XP level 7. HP: 53/59 MP: 6/6
  2777 | D:5      | Reached skill level 5 in Fighting
  3466 | D:5      | Found a bloodstained altar of Trog.
  3466 | D:5      | Found an iron altar of Okawaru.
  3585 | D:5      | Reached XP level 8. HP: 64/70 MP: 7/7
  3682 | D:5      | Gained mutation: You are agile. (Dex +2) [potion of beneficial mutation]
  3683 | D:5      | Gained mutation: Your flesh is cold resistant. [potion of beneficial mutation]
  3802 | D:6      | Reached skill level 6 in Maces & Flails
  3986 | D:6      | Received a gift from Trog
  4030 | D:6      | Found a shimmering altar of Xom.
  4031 | D:6      | Found a shimmering altar of Xom.
  4031 | D:6      | Found a shimmering altar of Xom.
  4031 | D:6      | Found a shimmering altar of Xom.
  4031 | D:6      | Found a shimmering altar of Xom.
  4031 | D:6      | Found a shimmering altar of Xom.
  4033 | D:6      | Found a shimmering altar of Xom.
  4033 | D:6      | Found a shimmering altar of Xom.
  4372 | D:6      | Found a staircase to the Ecumenical Temple.
  4522 | Temple   | Entered the Ecumenical Temple
  4757 | D:7      | Found Huquff Hopn's Magic Scroll Shop.
  4765 | D:7      | Bought a scroll of remove curse for 39 gold pieces
  4765 | D:7      | Bought a scroll of identify for 26 gold pieces
  4858 | D:7      | Found Salappaw's Jewellery Shop.
  4969 | D:7      | Found Ithuoc's General Store.
  5030 | D:7      | Reached **** piety under Trog
  5102 | D:7      | Found Loymop's Gadget Boutique.
  5547 | D:7      | Found Qovina's General Store.
  5630 | D:8      | Reached XP level 9. HP: 61/81 MP: 8/8
  5717 | D:8      | Found Xydil's Distillery.
  5911 | D:8      | Found a staircase to the Lair.
  6002 | D:8      | Reached skill level 10 in Armour
  6145 | D:8      | Found an opulent altar of Gozag.
  6528 | D:8      | Reached skill level 10 in Fighting
  6733 | Lair:1   | Entered Level 1 of the Lair of Beasts
  6755 | Lair:1   | Noticed a spiny frog
  6961 | D:9      | Noticed Grum
  7068 | D:9      | Reached XP level 10. HP: 41/94 MP: 9/9
  7111 | D:9      | Killed Grum
  7394 | D:9      | Found a shadowy altar of Dithmenos.
  7394 | D:9      | Found an ancient bone altar of Kikubaaqudgha.
  7441 | D:9      | Gained mutation: You have a somewhat thin skeletal structure (Dex +2, Stealth). [mutagenic meat]
  7569 | D:9      | Reached ***** piety under Trog
  7634 | D:9      | Found a white marble altar of Elyvilon.
  7638 | D:9      | Found a basalt altar of Yredelemnul.
  7899 | D:9      | Got a bone dagger {drain}
  8350 | D:10     | Entered Level 10 of the Dungeon
  8388 | D:10     | Reached skill level 7 in Maces & Flails
  8460 | D:10     | Reached skill level 8 in Maces & Flails
  8540 | D:10     | Noticed Erolcha
  8543 | D:10     | Paralysed by something for 5 turns
  8579 | D:10     | Reached skill level 9 in Maces & Flails
  8582 | D:10     | Paralysed by something for 6 turns
  8944 | D:10     | Killed Erolcha
  8944 | D:10     | Reached XP level 11. HP: 104/104 MP: 10/10
  9171 | D:10     | Reached skill level 10 in Maces & Flails
  9428 | D:10     | Noticed a hill giant
  9440 | D:10     | Killed a hill giant
  9531 | D:10     | Noticed a hill giant
  9543 | D:10     | Killed a hill giant
  9588 | D:10     | Noticed a hill giant
  9958 | D:11     | Noticed a purple ugly thing
  9969 | D:11     | Killed a purple ugly thing
  9969 | D:11     | Reached skill level 11 in Maces & Flails
  9992 | D:11     | Noticed a six-headed hydra
 10009 | D:11     | Noticed Josephine
 10017 | D:11     | Killed Josephine
 10017 | D:11     | Received a gift from Trog
 10099 | D:11     | Reached skill level 12 in Maces & Flails
 10190 | D:11     | Reached skill level 10 in Dodging
 10304 | D:11     | Noticed a hill giant
 10307 | D:11     | Killed a hill giant
 10382 | D:11     | Killed a six-headed hydra
 10382 | D:11     | Reached skill level 13 in Maces & Flails
 11064 | Lair:1   | Reached XP level 12. HP: 93/112 MP: 3/11
 12568 | Lair:2   | Reached skill level 14 in Maces & Flails
 12621 | Lair:2   | Noticed Harold
 12869 | Lair:2   | Killed Harold
 12871 | Lair:2   | Got a shimmering halberd {chop}
 12962 | Lair:2   | Noticed an eight-headed hydra
 12970 | Lair:2   | Killed an eight-headed hydra
 13015 | Lair:2   | Received a gift from Trog
 13564 | Lair:3   | Noticed Fannar
 13579 | Lair:3   | Killed Fannar
 14156 | Lair:3   | Noticed Gastronok
 14178 | Lair:3   | Killed Gastronok
 14312 | Lair:3   | Reached skill level 15 in Maces & Flails
 14355 | Lair:3   | Noticed a five-headed hydra
 14365 | Lair:3   | Killed a five-headed hydra
 14417 | Lair:3   | Reached XP level 13. HP: 108/123 MP: 12/12
 14536 | Lair:4   | Reached ****** piety under Trog
 14614 | Lair:4   | Found a runed door.
 14814 | Lair:4   | Found a staircase to the Swamp.
 14936 | Lair:4   | Found a hole to the Spider Nest.
 15042 | Lair:4   | Received a gift from Trog
 15140 | Lair:4   | Found a dark tunnel.
 15163 | Volcano  | Entered a volcano
 15693 | D:8      | Identified the +1 halberd of Valiance {chop, Str+2} (You took it off Harold on level 2 of the Lair of Beasts)
 16835 | Lair:5   | Reached skill level 16 in Maces & Flails
 17013 | Lair:5   | Noticed WhyteDragon's ghost (journeyman DsFi)
 17125 | Lair:5   | Killed WhyteDragon's ghost
 17292 | Lair:6   | Received a gift from Trog
 18066 | Lair:6   | Reached skill level 15 in Fighting
 18305 | Lair:7   | Received a gift from Trog
 18524 | Lair:7   | Reached XP level 14. HP: 95/135 MP: 13/13
 19433 | Lair:8   | Entered Level 8 of the Lair of Beasts
 19453 | Lair:8   | Reached skill level 17 in Maces & Flails
 19482 | Lair:8   | Found a runed door.
 19629 | Lair:8   | Received a gift from Trog
 19990 | Lair:8   | Noticed Rupert
 20004 | Lair:8   | Killed Rupert
 20596 | Lair:8   | Found a staircase to the Slime Pits.
 20907 | Lair:8   | Reached skill level 15 in Armour
 21478 | D:12     | Received a gift from Trog
 21703 | D:12     | Noticed Azrael
 21724 | D:12     | Killed Azrael
 21914 | D:12     | Reached XP level 15. HP: 144/144 MP: 14/14
 22077 | D:12     | Found a staircase to the Orcish Mines.
 22254 | D:12     | Noticed Psyche
 22257 | D:12     | Killed Psyche
 22524 | Orc:1    | Entered Level 1 of the Orcish Mines
 22928 | Orc:1    | Noticed an orc warlord
 22944 | Orc:1    | Killed an orc warlord
 23438 | Orc:1    | Found a roughly hewn altar of Beogh.
 24401 | Orc:2    | Entered Level 2 of the Orcish Mines
 24430 | Orc:2    | Received a gift from Trog
 24739 | Orc:2    | Found Saucs's Magic Scroll Boutique.
 24739 | Orc:2    | Found Doiw's Antique Weapon Shop.
 24739 | Orc:2    | Found Qacutafu's Antique Armour Shop.
 24744 | Orc:2    | Found Suguriz's Jewellery Boutique.
 24814 | Orc:2    | Paralysed by an orc sorcerer for 7 turns
 24929 | Orc:2    | Received a gift from Trog
 25077 | Orc:2    | Found a staircase to the Elven Halls.
 25281 | Orc:2    | Found a radiant altar of Vehumet.
 26724 | D:13     | Found a gate to the Vaults.
 26844 | D:14     | Noticed Nessos
 26858 | D:14     | Killed Nessos
 27047 | D:14     | Received a gift from Trog
 27958 | D:15     | Entered Level 15 of the Dungeon
 28181 | D:15     | Paralysed by an orc sorcerer for 4 turns
 28234 | D:15     | Found a staircase to the Depths.
 28240 | D:15     | Paralysed by an ogre mage for 7 turns
 28506 | D:15     | Reached XP level 16. HP: 149/157 MP: 15/15
 28643 | D:15     | Found a basalt altar of Yredelemnul.
 28703 | D:15     | Found a huge runed gate.
 28703 | D:15     | Found a huge runed gate.
 28708 | D:15     | Found a huge runed gate.
 28708 | D:15     | Found a huge runed gate.
 28709 | D:15     | Found a huge runed gate.
 28715 | D:15     | Found a huge runed gate.
 28728 | D:15     | Found a huge runed gate.
 28737 | D:15     | Noticed a storm dragon
 28738 | D:15     | Noticed a sphinx
 28738 | D:15     | Noticed a tengu reaver
 28766 | D:15     | Paralysed by a sphinx for 3 turns
 28773 | D:15     | Killed a sphinx
 28957 | D:15     | Received a gift from Trog
 29337 | D:14     | Killed a tengu reaver
 29855 | D:15     | Noticed Agnes
 30078 | D:15     | Killed Agnes
 30532 | D:15     | Killed a storm dragon
 31228 | Spider:1 | Entered Level 1 of the Spider Nest
 31527 | Spider:1 | Reached skill level 18 in Maces & Flails
 31706 | Spider:1 | Received a gift from Trog
 33192 | Spider:2 | Received a gift from Trog
 33258 | Spider:2 | HP: 3/160 [disintegration (14)]
 34346 | Spider:3 | Reached XP level 17. HP: 168/168 MP: 16/16
 34392 | Spider:3 | Reached skill level 15 in Dodging
 34463 | Spider:3 | Received a gift from Trog
 34739 | Spider:3 | Reached skill level 19 in Maces & Flails
 35638 | Spider:4 | Entered Level 4 of the Spider Nest
 35690 | Spider:3 | Received a gift from Trog
 36575 | Spider:4 | Reached skill level 20 in Maces & Flails
 36591 | Spider:3 | HP: 5/168 [spark wasp (12)]
 36594 | Spider:3 | Mangled by a spark wasp

Skill      XL: |  1  2  3  4  5  6  7  8  9 10 11 12 13 14 15 16 17 |
---------------+----------------------------------------------------+-----
Maces & Flails | 4 5 6 9 13 15 16 17 18 20 | 20.0
Fighting       | 4 5 8 10 11 13 15 16 18 19 | 19.0
Armour         | 3 4 5 6 9 11 12 13 15 16 17 | 17.4
Dodging        | 3 4 5 6 8 10 12 13 14 15 | 15.3
Shields        | |  0.2

Action                   |  1- 3 |  4- 6 |  7- 9 | 10-12 | 13-15 | 16-18 || total
-------------------------+-------+-------+-------+-------+-------+-------++-------
Melee: Mace              |    90 |    62 |    59 |       |       |       ||   211
       Headbutt          |    15 |    12 |    55 |   180 |   428 |   255 ||   945
       Flail             |       |       |   253 |   291 |       |       ||   544
       Great mace        |       |       |       |   200 |       |    22 ||   222
       Dire flail        |       |       |       |   106 |  1522 |   621 ||  2249
       Eveningstar       |       |       |       |       |       |    95 ||    95
 Fire: Triple crossbow   |       |       |       |       |    12 |    30 ||    42
Throw: Tomahawk          |       |     1 |     4 |     6 |     5 |    10 ||    26
Invok: Berserk           |     1 |     4 |     4 |     6 |     7 |     6 ||    28
       Burn Spellbooks   |       |       |     2 |     2 |     2 |     3 ||     9
       Brothers in Arms  |       |       |       |       |     2 |     2 ||     4
       Trog's Hand       |       |       |       |       |       |     2 ||     2
 Abil: Evoke Flight      |       |       |       |       |     1 |     4 ||     5
Evoke: Wand              |       |       |     1 |     5 |     2 |    22 ||    30
  Use: Scroll            |       |     8 |     6 |     6 |    24 |     9 ||    53
       Potion            |       |       |     6 |       |     8 |    12 ||    26
 Stab: Paralysed         |       |       |       |       |       |     2 ||     2
  Eat: Chunk             |     2 |     3 |    11 |    22 |    39 |     8 ||    85
       Bread ration      |       |     2 |     1 |     2 |     2 |     2 ||     9
       Beef jerky        |       |       |     1 |     1 |     4 |     3 ||     9
       Pizza             |       |       |     1 |       |     1 |     2 ||     4
       Meat ration       |       |       |     1 |       |       |     2 ||     3
Armor: Animal skin       |    14 |       |       |       |       |       ||    14
       Ring mail         |    14 |    16 |       |       |       |       ||    30
       Plate armour      |       |     7 |   200 |   282 |   629 |   659 ||  1777
       Fire dragon armou |       |       |       |       |     7 |       ||     7
Dodge: Dodged            |    55 |    47 |   189 |   346 |   809 |   744 ||  2190
Block: Buckler           |       |       |     8 |    25 |       |       ||    33
